 Dungeon Crawl Stone Soup version 0.28.0 (webtiles) character file.

Game seed: 497390686888690032

54 bromine the Ducker (level 3, -2/36 HPs)
             Began as a Troll Berserker on Feb 15, 2022.
             Was a Follower of Trog.
             Slain by Crazy Yiuf (15 damage)
             ... on level 2 of the Dungeon.
             The game lasted 00:03:19 (1253 turns).

bromine the Ducker (Troll Berserker)                Turns: 1253, Time: 00:03:19

Health: -2/36      AC:  4    Str: 25    XL:     3   Next: 66%
Magic:  0/2        EV: 10    Int:  5    God:    Trog [*.....]
Gold:   138        SH:  0    Dex:  9    Spells: 2/2 levels left

rFire   . . .      SeeInvis .   i - +0 mace
rCold   . . .      Faith    .   (no shield)
rNeg    . . .      Spirit   .   b - +0 animal skin
rPois   .          Reflect  .   (helmet restricted)
rElec   .          Harm     .   (no cloak)
rCorr   .          Rampage  .   (gloves unavailable)
Will    .....                   (boots unavailable)
Stlth   +.........              (no amulet)
HPRegen 0.92/turn               (no ring)
MPRegen 0.08/turn               (no ring)

@: no status effects
A: large, unfitting armour, claws 3, regeneration 1, shaggy fur 1, tough skin 1
a: Renounce Religion, Berserk


You were on level 2 of the Dungeon.
You worshipped Trog.
Trog was aware of your devotion.
You visited 1 branch of the dungeon, and saw 2 of its levels.

You collected 138 gold pieces.

Inventory:

Hand Weapons
 a - a +0 hand axe
 i - a +0 mace (weapon)
Armour
 b - a +0 animal skin (worn)
Magical Staves
 c - a staff of poison
Scrolls
 f - a scroll of identify {unknown}
 h - a scroll of enchant armour {unknown}
Potions
 d - 2 potions of degeneration {unknown}
 e - a potion of resistance {unknown}
 g - a potion of berserk rage {unknown}


   Skills:
 + Level 2.9 Fighting
 + Level 3.0 Axes
 + Level 3.0 Dodging


You had 2 spell levels left.
You didn't know any spells.
Your spell library was empty.

Dungeon Overview and Level Annotations

Branches:
Dungeon (2/15)

Altars:

Shops:
D:1 (

Annotations:
D:2 Crazy Yiuf


Innate Abilities, Weirdness & Mutations

You are too large for most types of armour.
You have claws for hands.
Your natural rate of healing is unusually fast.
You are covered in fur. (AC +1)
You have tough skin. (AC +1)


Message History

Your Axes skill increases to level 3!
You feel sick.
You feel sick.
You feel sick.
You feel sick.
You feel sick.
You are no longer poisoned.
You start resting.
HP restored.
You start waiting.
Done waiting.
h - a scroll labelled HASTRE DYNWIOZAIXI
Found a stone staircase leading down.
Things that are here:
a +0 short sword; 5 stones; a kobold skeleton
Found a robe.
Found three maces and an encrusted mace.
Found a runed translucent door.
Crazy Yiuf shouts!
You see here a +0 mace.
i - a +0 mace
i - a +0 mace (weapon)
Found three maces.
As you open the door, it creaks loudly!
Crazy Yiuf grits, "Tosser!"
You hit Crazy Yiuf but do no damage.
Crazy Yiuf hits you with a +2 quarterstaff of chaos! x2
You feel your power leaking away.
You hit Crazy Yiuf.
Crazy Yiuf is lightly wounded.
Crazy Yiuf hits you with a +2 quarterstaff of chaos!
Crazy Yiuf freezes you.
You barely miss Crazy Yiuf.
Crazy Yiuf is lightly wounded.
Crazy Yiuf barely misses you.
You hit Crazy Yiuf.
Crazy Yiuf is moderately wounded.
Crazy Yiuf yells, "Peeping!"
Crazy Yiuf hits you with a +2 quarterstaff of chaos!
You die...

#...........####..#########.
#.#########...###.##### ##
#.# ###...#.....# # #.#
#########.### #.# #.....##
#.###♣♣♣♣♣ ####...###
#.##...♣.♣♣♣ ### #......
#.......♣..♣#)))# ##...#.
#......♣♣♣♣@g...# ###...
##.#..♣♣ ♣♣#)))# #####...##
####♣♣ ### #.....#.#
#######.# #.## #..# ##.# #..
##.


You could see Crazy Yiuf.

Vanquished Creatures
  A gnoll (D:1)
  2 adders (D:2)
  A worm (D:2)
  A dart slug (D:2)
  4 ball pythons (D:1)
  2 bats
  2 endoplasms (D:2)
  A goblin (D:1)
  4 hobgoblins (D:2)
  A quokka (D:2)
  2 frilled lizards
  2 kobolds
  A rat (D:1)
24 creatures vanquished.

Notes
Turn   | Place    | Note
-------+----------+-------------------------------------------
     0 | D:1      | bromine the Troll Berserker began the quest for the Orb.
     0 | D:1      | Reached XP level 1. HP: 22/22 MP: 0/0
    15 | D:1      | Found Tierrukh's Antique Weapon Boutique.
   256 | D:1      | Reached XP level 2. HP: 17/29 MP: 1/1
   700 | D:2      | Reached XP level 3. HP: 20/36 MP: 2/2
  1241 | D:2      | Found a runed translucent door.
  1242 | D:2      | Noticed Crazy Yiuf
  1253 | D:2      | Slain by Crazy Yiuf

Illustrated notes

Levels and vault maps discovered:
D:1:      lemuel_arrival_hallway, layout_basic, serial_shops, shop_coins
D:2:      layout_rooms, uniq_crazy_yiuf_cottage

Skill      XL: |  1  2  3 |
---------------+----------+-----
Dodging        | 3 |  3.0
Axes           | 3 |  3.0
Fighting       | |  2.9

Action                   || total
-------------------------++-------
Melee: Hand axe          ||    77
       Punch             ||     1
       Mace              ||     4
Armor: Animal skin       ||    27
Dodge: Dodged            ||    52
